Map: Kairos Junction LE

Players

SpeCial - Winner!

  • Race: Terran Terran
  • League: Master
  • Spawn Location: 5:00

Scarlett

  • Race: Zerg Zerg
  • Spawn Location: 11:00

Event: 2019 WCS Winter Americas

VOD

Have the link to the VOD?

Description

Time

  • Played on: Feb. 14, 2019, 2:21 p.m.
  • Length: 6:16

All games in this series

Show
View Real Time Build Order
Export as new Build Order

SpeCial Terran - Winner!

Build Orders: Hellion Opening, Reaper Expand 

Get SALT Encoding   

  12  0:00  SCV  
  13  0:13  SCV  
  14  0:17  Supply Depot  
  14  0:25  SCV  
  15  0:39  SCV  
  15  0:40  Barracks  
  16  0:44  Refinery  
  16  0:51  SCV  
  17  1:03  SCV  
  18  1:15  SCV  
  19  1:27  Orbital Command  
  19  1:28  Reaper  
  20  1:39  Command Center  
  20  1:48  Supply Depot  
  20  1:53  SCV  
  21  1:59  Marine  
  22  2:03  Factory  
  22  2:06  SCV  
  23  2:12  Refinery  
  23  2:18  SCV  
  23  2:20  Barracks Reactor  
  24  2:30  SCV  
  25  2:42  SCV  
  26  2:51  Orbital Command  
  26  2:52  Starport  
  26  2:55  SCV  
  27  3:01  Hellion x2  
  31  3:10  Supply Depot  
  31  3:11  SCV, Barracks Tech Lab  
  32  3:20  SCV  
  32  3:22  Hellion  
  32  3:23  SCV, Hellion  
  38  3:29  Viking  
  38  3:32  SCV  
  41  3:35  SCV  
  41  3:37  Marauder  
  44  3:41  Supply Depot  
  44  3:46  Hellion x2  
  44  3:48  SCV  
  49  3:49  SCV  
  50  3:59  Marauder  
  50  4:00  Medivac  
  54  4:04  Supply Depot  
  54  4:08  Armory  
  55  4:11  Hellion  
  56  4:18  SCV x2  
  56  4:20  Marauder, Liberator  
  56  4:22  Concussive Shells  
  60  4:27  Supply Depot  
  62  4:31  Hellion  
  62  4:32  Hellion  
  62  4:34  SCV x2  
  69  4:46  SCV  
  69  4:49  SCV  
  73  4:52  Hellion  
  73  4:54  Hellion  
  73  4:58  SCV  
  73  4:59  Supply Depot  
  76  5:01  SCV  
  77  5:10  SCV  
  78  5:20  SCV, Hellion x2  
  83  5:22  SCV, Command Center  
  83  5:32  SCV  
  83  5:35  SCV  
  85  5:44  SCV  
  85  5:49  Hellion  
  86  5:50  Hellion  
  86  5:51  SCV  
  86  5:56  SCV  
  74  5:57  Supply Depot  
  74  6:03  SCV  
Show
View Real Time Build Order
Export as new Build Order

Scarlett Zerg 

Build Orders: Hatch First 

Get SALT Encoding   

  12  0:00  Drone  
  13  0:12  Overlord  
  13  0:16  Drone  
  14  0:30  Drone x2  
  16  0:47  Hatchery  
  15  0:50  Drone  
  15  0:55  Drone  
  17  0:58  Drone  
  18  1:09  Extractor  
  17  1:13  Spawning Pool  
  17  1:16  Drone  
  17  1:20  Drone  
  18  1:28  Drone  
  19  1:38  Drone  
  20  1:50  Drone  
  21  1:59  Queen x2  
  21  2:00  Zergling x4  
  27  2:13  Hatchery  
  26  2:18  Overlord  
  26  2:21  Drone  
  27  2:24  Drone  
  28  2:34  Metabolic Boost  
  28  2:38  Drone x2  
  28  2:39  Drone  
  31  2:47  Queen  
  31  2:49  Overlord  
  32  2:53  Drone  
  32  2:57  Drone x2  
  35  3:10  Drone x5  
  40  3:14  Drone  
  40  3:16  Queen  
  43  3:22  Overlord  
  43  3:26  Queen  
  45  3:28  Drone  
  45  3:34  Queen  
  46  3:36  Overlord  
  46  3:38  Zergling x2  
  49  3:42  Drone x2  
  49  3:46  Zergling x4  
  53  3:48  Drone x2  
  55  3:56  Overlord, Drone x3  
  58  4:05  Overlord x2  
  58  4:08  Overlord  
  58  4:13  Queen  
  58  4:16  Queen  
  62  4:20  Overlord  
  62  4:27  Zergling x8  
  62  4:28  Drone  
  62  4:29  Drone x2  
  69  4:38  Overlord  
  69  4:40  Lair  
  69  4:41  Baneling Nest  
  69  4:42  Extractor, Drone  
  69  4:43  Spore Crawler  
  67  4:53  Drone x8  
  67  4:59  Extractor  
  74  5:01  Drone x5  
  79  5:09  Evolution Chamber  
  79  5:10  Zergling x6  
  79  5:11  Evolution Chamber  
  80  5:16  Zergling x6  
  80  5:17  Queen  
  80  5:18  Zergling x2  
  86  5:27  Baneling  
  86  5:28  Baneling x5  
  83  5:30  Zergling x6  
  83  5:31  Zergling x8  
  84  5:35  Baneling  
  84  5:36  Baneling  
  84  5:39  Zergling x10  
  83  5:47  Zergling x4  
  80  5:52  Zergling x2  
  80  5:55  Zergling x2  
  75  5:58  Baneling x4  
Tags
 
Add a new tag
Caveats
  • Supply blocks, unpowered buildings, or Contaminate may cause inaccurate times.
  • Supply counts are checked every 10 seconds.